Drago, lawful male human Samurai ------ --------- ----..|.-------.--..|.-- --- ------ ----- --......................| ---.-- --.|..--- |...----.......................| --....------.......-- |....--..----..................---...................----- |........| --....--...................................^.--- -----....| ------|....................^................).| --...| ---...................---...---..--.|.....| |...| |....................-- --<-- |..------..-- ---.-- -----.----...............| --- --.. ---- |-)-- |.... ---.....----...-| |..| |...| |...- --.|.-- --.@.| ------ ------...---...-------------------.-- --.------ -..........................)......)^..| --.......-- | -------....---------------------.--- --.........| -..--- |...----------......--..| ....| ---%%...................| ------ |..-------.......---..| ---- |....---- |..| ---..| ---- ---- Drago the Ronin Experience level: 5 Strength: 13 Dexterity: 18 Constitution: 18 Intelligence: 10 Wisdom: 8 Charisma: 8 Health: 4(53) Energy: 26(26) Def: 7 Gold: 236 Moves: 2068 Dungeon seed: NI36SO5d4UofLZCl Game ID: Drago_1557759485 Your Inventory: Coins $ - 236 gold pieces Weapons a - a blessed +0 katana (weapon in hand) b - a +0 wakizashi (alternate weapon; not wielded) c - a +0 yumi d - 26 +0 ya (in quiver) Armor e - an uncursed rustproof +1 splint mail (being worn) Comestibles C - an uncursed partly eaten little dog corpse Potions z - an uncursed potion of extra healing Rings h - a cursed ring of polymorph named cursed A - a cursed ring of polymorph Wands r - a wand of locking (0:6) Tools B - an uncursed tallow candle (0:200) D - an uncursed stethoscope Gems n - an uncursed worthless piece of white glass Spells and supernatural/magical abilities: Name Level Category Fail Memory W - pray for help -- divine ? -- Your skills at the end: Fighting Skills martial arts [Basic] Weapon Skills short sword [Basic] long sword [Basic] bow [Basic] Spellcasting Skills Final Attributes: You were piously aligned. You aggravated monsters. You were fast. You survived. Vanquished creatures: a gnome king a bugbear an imp 2 fog clouds a gnome lord a gray ooze a little dog 3 dwarf zombies a wererat an acid blob 2 large kobolds a brown mold a red mold 6 gnomes 4 garter snakes a gnome zombie 3 geckos 9 jackals 5 grid bugs a bat 2 lichens a kobold zombie 3 newts 52 creatures vanquished. Voluntary challenges: You used a wielded weapon 63 times, starting on turn 30. You read items or engraved 5 times, starting on turn 471. You never genocided any monsters. You never polymorphed an object. You never changed form. You used no wishes. You never split a pudding. You wrote Elbereth's name 2 times, starting on turn 1052. You never violated your personal moral code. Dungeon overview: The Dungeons of Doom: levels 1 to 4 Level 1 some fountains a long staircase Level 2 a fountain, a sink Level 3 Level 4 an altar to Amaterasu Omikami stairs to The Gnomish Mines The Gnomish Mines: Level 5 <- You were here stairs to The Dungeons of Doom History has recorded: On T:1 you entered the Dungeons of Doom to retrieve the Amulet of Yendor! On T:243 you reached level 2 of The Dungeons of Doom. On T:482 you reached level 3 of The Dungeons of Doom. On T:653 you advanced to experience level 2. On T:929 you reached level 4 of The Dungeons of Doom. On T:1130 you reached level 1 of The Gnomish Mines. On T:1368 you advanced to experience level 3. On T:1498 you advanced to experience level 4. On T:1970 you advanced to experience level 5. Score breakdown: Gold: 236 ( 8078 points) Experience: 5 levels (11141 points) Exploration: 5 levels ( 10.00%) ( 8571 points) Discoveries: 6 items ( 2.44%) ( 4685 points) Valuables value: (no points given unless you survive) Artifact value: 0 ( 0 points) Variety of kills: 23 monsters ( 6.04%) ( 7370 points) Turncount: 2068 turns ( -50 points) Survival: quit (score multiplied by 90%) Total score: 35815 Latest messages: You miss the little dog. The little dog bites! You miss the little dog. The little dog bites! (2x) You kill the little dog! There are a few objects here. C - a little dog corpse. D - a stethoscope. This little dog corpse tastes terrible! You feel that eating the little dog was a bad idea. (4x) You stop eating. The imp hits! You miss the imp. (2x) The imp misses. You kill the imp! To quit the game, use the 'save' command (typically on 'S'). You don't have that object. Never mind. Final status: Sayonara Drago the Samurai, quit... You quit in The Gnomish Mines on dungeon level 5 with 35815 points, and 236 pieces of gold, after 2068 moves. You were level 5 with a maximum of 53 hit points when you quit.